AoeStats
← Chiripa605

Pilgrims

507041562Analyzed
3v3 RM · 16d ago on Sep 16, 2026· 22m 19s· 6 players
Game mode
Random Map
Map size
Normal (6 player)
Population
200
Speed
Normal
Resources
Standard
Victory
Conquest
Starting age
Dark Age
Ending age
Imperial Age
RankedLock teamsTeams togetherTeam positionsShared explorationLock speedFull tech treeHidden civsTurbo modeCheats
Victory
Defeat
🇺🇸 Italians · United States
1257
+14
🇳🇴 Gurjaras · Norway
1196
+16
🇺🇸 Wu · United States
1190
+16
🇻🇳 Huns · Vietnam
1222
-16
🇩🇪 Celts · Germany
1202
-15
🇦🇺 Vikings · Australia
1182
-15
Lord Frosch
11:45 Feudal Age
10:13 Loom
Tinky Winky
4:02 Loom
11:18 Feudal Age
15:41 Castle Age
13:33 Stone Mining
17:13 Fletching
halong1301
9:16 Loom
11:23 Feudal Age
17:16 Castle Age
20:38 Scale Barding Armor
20:54 Double-Bit Axe
Chiripa605
4:01 Loom
11:24 Feudal Age
12:02 Double-Bit Axe
12:15 Fishing Lines
16:56 Castle Age
17:50 Medium Warships
17:35 Gillnets
18:06 Bow Saw
21:24 Fletching
23:28 Wheelbarrow
TowLeeDough
12:11 Feudal Age
15:53 Castle Age
15:00 Scale Mail Armor
15:11 Forging
15:15 Double-Bit Axe
15:09 Man-at-Arms
15:41 Arson
17:15 Chain Mail Armor
16:52 Loom
17:30 Gold Mining
18:42 Squires
19:42 Wheelbarrow
21:43 Iron Casting
Gin
7:44 Loom
9:37 Feudal Age
7:56 Loom
11:03 Man-at-Arms
14:40 Wheelbarrow
14:37 Fletching
14:53 Scale Barding Armor
16:19 Forging
21:29 Horse Collar
Connection lost

Rejoining the realm…

Still unreachable

The connection could not be restored.

Session expired

The server has moved on; the page needs a fresh start.